 Dungeon Sprint DCSS version 0.21.1-1-g345015f (webtiles) character file.

1454 Fang the Cleaver (level 8, -18/60 HPs)
             Began as a Gargoyle Berserker on July 15, 2018.
             Was a High Priest of Trog.
             Demolished by a red devil
             ... wielding a +0 trident
              (22 damage)
             ... in the Dungeon (Sprint VII: "The Pits").
             The game lasted 00:02:38 (723 turns).

Fang the Cleaver (Gargoyle Berserker)                Turns: 723, Time: 00:02:39

Health: -18/60     AC:  8    Str: 23      XL:     8   Next: 76%
Magic:  8/8        EV: 14    Int:  8      God:    Trog [*****.]
Gold:   0          SH:  0    Dex:  8 (9)  Spells: 7/7 levels left

rFire    . . .     SeeInvis .   m - +2 hand axe (freeze)
rCold    . . .     Gourm    .   (no shield)
rNeg     + . .     Faith    .   b - +0 animal skin
rPois    ∞         Spirit   .   (no helmet)
rElec    +         Reflect  .   (no cloak)
rCorr    .         Harm     .   (no gloves)
MR       .....     NoTele   +   (no boots)
Stlth    +.........             (no amulet)
HPRegen  0.20/turn              (no ring)
MPRegen  0.11/turn              (no ring)

@: berserk cooldown, slowed, very slow
A: negative energy resistance 1, electricity resistance, unbreathing,
petrification resistance, rot immunity, AC +5
a: Berserk, Trog's Hand, Brothers in Arms, Burn Spellbooks, Renounce Religion


You were in the Dungeon.
You worshipped Trog.
Trog was extremely pleased with you.
You were hungry.

You visited 1 branch

Inventory:

Hand Weapons
 m - a +2 hand axe of freezing (weapon)
Missiles
 j - 7 silver javelins (quivered)
Armour
 b - a +0 animal skin (worn)
Scrolls
 i - a scroll of blinking
 k - 3 scrolls of remove curse
 l - a scroll of summoning
Potions
 a - 2 potions of invisibility
 d - 6 potions of curing
 e - 6 potions of heal wounds
 f - a potion of haste
 g - 4 potions of magic
 h - 3 potions of berserk rage
Comestibles
 c - 9 rations
 n - 3 chunks of flesh


   Skills:
 + Level 11.8 Fighting
 + Level 12.1 Axes
 + Level 5.8 Armour
 + Level 6.2 Dodging
 + Level 0.6 Stealth


You had 7 spell levels left.
You didn't know any spells.

Dungeon Overview and Level Annotations

Branches:
Dungeon (1/1)

Altars:
Cheibriados
Dithmenos
Elyvilon
Fedhas
Gozag
Hepliaklqana
Makhleb
Nemelex Xobeh
Okawaru
Qazlal
Ru
Sif Muna
Trog
Vehumet
Wu Jian
Xom
Yredelemnul
Zin
The Shining One
Beogh
Jiyva
Lugonu


Innate Abilities, Weirdness & Mutations

You are resistant to torment.
Your stone body is resilient. (AC +5)
You are immune to poison.
You resist negative energy. (rN+)
You are resistant to electric shocks. (rElec)
You can survive without breathing.
You are immune to petrification.
You are immune to rotting.


Message History

The red devil hits you from afar with a trident!
* * * LOW HITPOINT WARNING * * *
You are no longer berserk.
Trog's vigour flows through your veins.
You are exhausted.
You feel yourself slow down.
You hit the red devil but do no damage.
The red devil is heavily wounded.
The red devil hops backward while attacking.
The red devil barely misses you.
Some of the chunks of flesh in your inventory have rotted away.
The red devil hits you with a trident!
* * * LOW HITPOINT WARNING * * *
You closely miss the red devil.
The red devil is heavily wounded.
The red devil hits you but does no damage.
You hit the red devil. You freeze the red devil.
The red devil is heavily wounded.
The red devil hits you with a trident!!
You die...

#.####'##'###...<...#
#.#....)...##.......#
#.#..).....##.......#
#'###########.......#
#.).....#.. #########
#..###..#.######
#.......#.#....#
##.###.##)#....#
#.).....#.'..@4+
#..###..#'#....#
#.......')#....#
################


You could see a red devil.

Vanquished Creatures
  A deep elf mage (D)
  A hippogriff (D)
  Prince Ribbit (D)
  A fire bat (D)
  2 floating eyes (D)
  A centaur (D)
  A wolf (D)
  A scorpion (D)
  A quasit (D)
  A gnoll (D)
  A leopard gecko (D)
  3 orcs (D)
  2 goblins (D)
  4 jackals (D)
  A kobold (D)
22 creatures vanquished.

Vanquished Creatures (collateral kills)
  A porcupine (D)
  An orc warrior (D)
  A worker ant (D)
  A bat skeleton (D)
4 creatures vanquished.

Grand Total: 26 creatures vanquished

Notes
Turn   | Place    | Note
-------+----------+-------------------------------------------
     0 | D        | Fang the Gargoyle Berserker began the quest for the Orb.
     0 | D        | Reached XP level 1. HP: 14/14 MP: 1/1
    13 | D        | Reached skill level 3 in Axes
    18 | D        | Found a bloodstained altar of Trog.
    18 | D        | Found a deep blue altar of Sif Muna.
    18 | D        | Found a viscous altar of Jiyva.
    18 | D        | Found a hazy altar of Hepliaklqana.
    18 | D        | Found an opulent altar of Gozag.
    19 | D        | Found a glowing golden altar of the Shining One.
    19 | D        | Found a glowing silver altar of Zin.
    19 | D        | Found a basalt altar of Yredelemnul.
    19 | D        | Found a shimmering altar of Xom.
    19 | D        | Found an ornate altar of the Wu Jian Council.
    19 | D        | Found a sacrificial altar of Ru.
    19 | D        | Found a stormy altar of Qazlal.
    19 | D        | Found an iron altar of Okawaru.
    19 | D        | Found a sparkling altar of Nemelex Xobeh.
    19 | D        | Found a burning altar of Makhleb.
    19 | D        | Found a blossoming altar of Fedhas.
    19 | D        | Found a white marble altar of Elyvilon.
    19 | D        | Found a shadowy altar of Dithmenos.
    19 | D        | Found a snail-covered altar of Cheibriados.
    21 | D        | Found a radiant altar of Vehumet.
    21 | D        | Found a corrupted altar of Lugonu.
    21 | D        | Found a roughly hewn altar of Beogh.
    59 | D        | Noticed a floating eye
    59 | D        | Noticed a floating eye
    61 | D        | Paralysed by a floating eye for 4 turns
    67 | D        | Killed a floating eye
    67 | D        | Reached skill level 6 in Axes
    67 | D        | Reached XP level 2. HP: 23/23 MP: 2/2
    67 | D        | Reached XP level 3. HP: 28/28 MP: 3/3
    67 | D        | Reached XP level 4. HP: 32/32 MP: 4/4
    67 | D        | Paralysed by a floating eye for 4 turns
    72 | D        | Killed a floating eye
    72 | D        | Reached ** piety under Trog
    72 | D        | Reached skill level 7 in Axes
    72 | D        | Reached XP level 5. HP: 39/39 MP: 5/5
    99 | D        | Noticed a deep elf mage
   103 | D        | Reached *** piety under Trog
   112 | D        | Killed a deep elf mage
   112 | D        | Reached skill level 10 in Fighting
   112 | D        | Reached skill level 10 in Axes
   112 | D        | Reached skill level 5 in Armour
   112 | D        | Reached XP level 6. HP: 48/48 MP: 6/6
   112 | D        | Reached XP level 7. HP: 52/52 MP: 7/7
   211 | D        | Noticed a fire bat
   214 | D        | Noticed Prince Ribbit
   214 | D        | Reached **** piety under Trog
   216 | D        | Killed a fire bat
   216 | D        | Received a gift from Trog
   216 | D        | Reached skill level 5 in Dodging
   221 | D        | Reached ***** piety under Trog
   245 | D        | Killed Prince Ribbit
   245 | D        | Received a gift from Trog
   245 | D        | Reached skill level 11 in Axes
   245 | D        | Reached XP level 8. HP: 16/60 MP: 8/8
   702 | D        | Noticed a red devil
   702 | D        | Noticed a hippogriff
   708 | D        | Killed a hippogriff
   708 | D        | Reached skill level 12 in Axes
   721 | D        | HP: 3/60 [red devil/trident (14)]
   723 | D        | Demolished by a red devil

Skill      XL: |  1  2  3  4  5  6  7  8 |
---------------+-------------------------+-----
Axes           | 6 7 10 11 12 | 12.1
Fighting       | 6 8 10 11 | 11.8
Armour         | 3 4 5 |  5.8
Dodging        | 2 3 4 5 6 |  6.2
Stealth        | |  0.6

Action                   |  1- 3 |  4- 6 |  7- 9 || total
-------------------------+-------+-------+-------++-------
Melee: Hand axe          |     6 |    22 |    52 ||    80
Invok: Berserk           |       |     1 |     2 ||     3
       Brothers in Arms  |       |       |     1 ||     1
  Eat: Chunk             |       |       |     2 ||     2
Armor: Animal skin       |       |     1 |    18 ||    19
Dodge: Dodged            |     1 |    13 |    39 ||    53
